 Dungeon Crawl Stone Soup version 0.20.1-1-g8b1a95d (webtiles) character file.

79507 dohliylev the Unseen (level 15, -3/105 HPs)
             Began as a Vampire Enchanter on Jan 1, 2018.
             Was an Elder of Makhleb.
             Slain by a sixfirhy (7 damage)
             ... summoned by an orc high priest
             ... on level 2 of the Orcish Mines.
             The game lasted 02:56:15 (31327 turns).

dohliylev the Unseen (Vampire Enchanter)           Turns: 31327, Time: 02:56:16

Health: -3/105     AC:  9    Str:  9    XL:     15   Next: 21%
Magic:  13/27      EV: 23    Int: 24    God:    Makhleb [****..]
Gold:   2107       SH:  0    Dex: 17    Spells: 1/30 levels left

rFire    . . .     SeeInvis +   a - +3 dagger (elec)
rCold    . . .     Gourm    .   (no shield)
rNeg     + + .     Faith    .   x - +0 troll leather armour
rPois    .         Spirit   .   s - +2 helmet
rElec    .         Reflect  .   (no cloak)
rCorr    .         Harm     .   h - +0 pair of gloves
MR       ++...                  q - +0 pair of boots
Stlth    +++++++...             E - amulet of magic regeneration
Regen    0.7/turn               t - +3 ring of evasion
MPRegen  0.3/turn               T - ring of positive energy

@: lethally poisoned (-3 -> -4)
A: fangs 3, see invisible, agile 1, magic resistance 1, strong 1, unbreathing
a: Bat Form, Minor Destruction, Lesser Servant of Makhleb, Major Destruction,
Renounce Religion


You were on level 2 of the Orcish Mines.
You worshipped Makhleb.
Makhleb was greatly pleased with you.
You were not thirsty.

You visited 4 branches of the dungeon, and saw 24 of its levels.

You collected 2107 gold pieces.

Inventory:

Hand Weapons
 a - a +3 dagger of electrocution (weapon)
Armour
 h - a +0 pair of gloves (worn)
 q - a +0 pair of boots (worn)
 s - a +2 helmet (worn)
 u - +1 fire dragon scales
 x - a +0 troll leather armour (worn)
Magical Staves
 b - an uncursed staff of death
Jewellery
 t - a +3 ring of evasion (left hand)
 A - an uncursed ring of ice
 E - an amulet of magic regeneration (around neck)
 G - an uncursed amulet of rage
 P - a +5 amulet of reflection
 T - a ring of positive energy (right hand)
Wands
 c - a wand of lightning (3/15)
 m - a wand of enslavement (13/24)
 o - a wand of lightning (2/15)
 y - a wand of paralysis (16/24)
 B - a wand of confusion (26/48)
 D - a wand of polymorph (1/24)
 L - a wand of paralysis (11/24)
 Q - a wand of lightning (5/15)
 R - a wand of polymorph (9/24)
 S - a wand of disintegration (15/24)
 U - a wand of clouds (4/9)
 V - a wand of iceblast (7/15)
 W - a wand of acid (2/15)
 X - a wand of lightning (5/15)
 Z - a wand of iceblast (7/15)
Scrolls
 l - a scroll of summoning
 n - 5 scrolls of fog
 p - 7 scrolls of recharging
 v - 2 scrolls of amnesia
 w - 4 scrolls of magic mapping
 C - 6 scrolls of remove curse
 J - a scroll of silence
Potions
 d - 2 potions of blood
 e - a potion of might
 f - 6 potions of curing
 g - 2 potions of cancellation
 i - 8 potions of haste
 j - 3 potions of ambrosia
 k - a potion of resistance
 r - 2 potions of agility
 z - 6 potions of heal wounds
 F - a potion of invisibility {unknown}
 H - a potion of magic {unknown}
 I - 2 potions of berserk rage {unknown}
 K - 5 potions of brilliance
Books
 M - a book of Necromancy

   Spells                             Type                      Level
   a - Pain                           Necromancy                   1
   b - Animate Skeleton               Necromancy                   1
   c - Vampiric Draining              Necromancy                   3
   d - Regeneration                   Charms/Necromancy            3
   e - Animate Dead                   Necromancy                   4
   f - Control Undead                 Necromancy                   4
Miscellaneous
 N - a crystal ball of energy
 O - a phial of floods
 Y - a box of beasts


   Skills:
 - Level 6.0 Fighting
 - Level 10.3 Short Blades
 - Level 12.1 Dodging
 + Level 18.4 Stealth
 - Level 8.1 Spellcasting
 - Level 11.0 Hexes
 - Level 10.0 Necromancy
 - Level 11.4 Invocations


You had one spell level left.
You knew the following spells:

 Your Spells              Type           Power        Failure   Level  Hunger
a - Corona                Hex            ######.      1%          1    None
b - Ensorcelled Hibernat  Hex/Ice        #####.       1%          2    None
c - Confuse               Hex            ######..     1%          3    None
d - Regeneration          Chrm/Necr      ####......   3%          3    None
e - Animate Dead          Necr           N/A          1%          4    ##.....
f - Blink                 Tloc           N/A          14%         2    None
g - Mephitic Cloud        Conj/Pois/Air  #.......     26%         3    None
h - Control Undead        Necr           ######....   1%          4    ##.....
i - Invisibility          Hex            ######..     14%         6    ######.
j - Apportation           Tloc           #.....       9%          1    None


Dungeon Overview and Level Annotations

Branches:
Dungeon (15/15)            Temple (1/1) D:5            Lair (6/6) D:8
  Swamp (0/4) Lair:2       Spider (0/4) Lair:4        Slime (0/5) Lair:5
    Orc (2/2) D:11            Elf (0/3) Orc:2        Vaults (0/5) D:14
 Depths (0/5) D:15

Altars:
Cheibriados
Gozag
Hepliaklqana
Makhleb
Nemelex Xobeh
Ru
Sif Muna
Xom
Yredelemnul
The Shining One
Jiyva

Shops:
D:10 =   D:11 ?   Orc:1 *

Portals:
Trove: D:10 (give horn of Geryon)


Innate Abilities, Weirdness & Mutations

You have razor-sharp teeth.
You have supernaturally acute eyesight. (SInv)
You can survive without breathing.
You are agile. (Dex +2)
You are resistant to hostile enchantments. (MR+)
Your muscles are strong. (Str +2)


Message History

You feel sick.
Your warg zombie completely misses the sixfirhy.
The warg bites your warg zombie!
The orc high priest mumbles some strange prayers to Beogh.
The orange demon barely misses you.
You feel sick. The sixfirhy hits you. The sixfirhy shocks you!
* * * LOW HITPOINT WARNING * * *
The sixfirhy hits you but does no damage.
Your warg zombie completely misses the orc high priest.
The orange demon completely misses you. The sixfirhy hits you.
* * * LOW HITPOINT WARNING * * *
The sixfirhy shocks you!
* * * LOW HITPOINT WARNING * * *
The sixfirhy hits you but does no damage.
You feel sick. The sixfirhy hits you.
* * * LOW HITPOINT WARNING * * *
The sixfirhy shocks you!
* * * LOW HITPOINT WARNING * * *
The sixfirhy hits you!
You die...

.#.#.##....#....#.#. ..
......##..###..#.... ...
.....##....#####....
...###........## ##...
....#....##....## ....
...#....#.#.....#.......
.....................##.
.....<.##.#...#.#....
.......@3....#####.#.#
.......3......### ## #
..........Z)....###
..........4........
..........o........
#######.###.###.### #.#
#Z# .# #.###Z###.#
#..)..h))[#


You could see an orc high priest, an orange demon, 2 sixfirhies and 2 friendly
warg zombies.

Vanquished Creatures
  An orc warlord (Orc:1)
  Nessos (D:14)
  4 vault guards (D:14)
  3 hydras
  2 catoblepae (Lair:6)
  3 centaur warriors
  An ogre mage (D:14)
  8 two-headed ogres
  A death yak (Lair:6)
  The ghost of ShansongY the Ruffian, a novice TrFi of Uskayaw (D:8)
  An orc high priest (Orc:2)
  A deep elf knight (D:14)
  A skeletal warrior (D:15)
  A fire crab (Lair:6)
  3 orc knights
  3 wolf spiders (Lair:4)
  A phantasmal warrior (D:15)
  An orc sorcerer (Orc:1)
  A cyclops (D:14)
  4 slime creatures
  6 ugly things
  5 black mambas
  A frost giant skeleton (D:15)
  2 centaur zombies (D:14)
  5 elephants
  11 spiny frogs
  2 gargoyles
  7 komodo dragons
  3 rime drakes
  An efreet (D:14)
  2 freezing wraiths (D:15)
  A guardian mummy (D:15)
  A polar bear (Lair:6)
  A jumping spider (Lair:4)
  3 trolls
  A hornet (Lair:4)
  A spriggan zombie (D:15)
  A dream sheep (Lair:6)
  10 blink frogs
  A meliai zombie (D:13)
  8 hippogriffs
  A centaur simulacrum (D:15)
  4 wraiths
  A redback (Lair:4)
  A wyvern (Lair:6)
  A shadow (D:12)
  3 hogs
  39 yaks
  2 vampire mosquitoes (D:14)
  2 steam dragons
  A basilisk (Lair:4)
  2 hungry ghosts
  9 wargs
  An acid dragon (D:14)
  12 water moccasins
  The ghost of groucho the Ducker, an amateur SpFi (D:3)
  3 porcupines
  2 ice beasts
  2 black bears
  6 sky beasts
  18 orc warriors
  10 ogres
  An eye of draining (D:9)
  4 phantoms
  12 centaurs
  32 wolves
  9 crocodiles
  3 big kobolds
  20 bullfrogs
  2 scorpions
  11 wights
  A howler monkey (D:6)
  2 electric eels (Lair:2)
  8 crimson imps
  2 bullfrog zombies
  A quasit (D:6)
  A gnoll shaman (D:4)
  2 jellies
  A bullfrog skeleton (D:11)
  12 orc priests
  4 hounds
  21 orc wizards
  9 centaur skeletons
  Terence (D:3)
  7 worker ants
  A killer bee zombie (D:8)
  A hound zombie (D:11)
  2 hound skeletons (D:7)
  5 gnolls (D:5)
  27 adders
  4 shadow imps
  2 oozes
  2 adder skeletons
  5 worms
  A dart slug (D:3)
  7 leopard geckos
  79 orcs
  4 bats
  7 giant cockroaches
  3 goblins (D:1)
  5 hobgoblins
  8 jackals
  3 quokkas
  5 frilled lizards
  18 kobolds
  A leopard gecko skeleton (D:6)
  8 rats
600 creatures vanquished.

Vanquished Creatures (collateral kills)
  Kirke (D:12)
  Roxanne (D:15)
  A dire elephant (Lair:6)
  Josephine (D:11)
  2 hydras
  2 catoblepae (Lair:6)
  A death knight (D:15)
  An ogre mage (D:15)
  11 death yaks (Lair:6)
  A tengu warrior (D:13)
  An orc high priest (Orc:2)
  A deep elf knight (D:14)
  2 phantasmal warriors (D:15)
  A necromancer (D:15)
  An ugly thing (D:15)
  An orc sorcerer (D:14)
  An orc knight (D:15)
  2 cyclopes
  3 manticores
  An elephant (Lair:4)
  A centaur zombie (D:11)
  A gargoyle (D:12)
  2 spiny frogs
  2 kobold demonologists (D:15)
  A yaktaur zombie (D:15)
  2 rime drakes (Lair:6)
  2 slime creatures (D:15)
  A deep troll zombie (D:15)
  7 blink frogs
  14 yaks
  A shadow (D:11)
  2 wraiths (D:11)
  A hungry ghost (D:11)
  A steam dragon (D:11)
  A hog (D:12)
  2 vampire mosquitoes (D:14)
  A warg (Orc:2)
  An acid dragon (D:14)
  3 water moccasins (Lair:6)
  3 orc warriors
  An ogre (Orc:1)
  A sky beast (D:11)
  A necrophage (D:12)
  5 centaurs (D:11)
  2 big kobolds
  A bullfrog (Lair:5)
  A scorpion (D:11)
  A jelly (D:11)
  3 orc wizards
  4 orc priests (Orc:2)
  A bullfrog skeleton (D:11)
  2 worker ants
  A worker ant zombie (D:11)
  2 adders (Lair:4)
  11 orcs
  4 kobolds
  4 fungi
  A plant (Lair:6)
131 creatures vanquished.

Vanquished Creatures (others)
  An orc (Orc:1)
  A bush (Lair:4)
  20 fungi
  26 plants
48 creatures vanquished.

Grand Total: 779 creatures vanquished

Notes
Turn   | Place    | Note
-------+----------+-------------------------------------------
     0 | D:1      | dohliylev the Vampire Enchanter began the quest for the Orb.
     0 | D:1      | Reached XP level 1. HP: 13/13 MP: 3/3
   188 | D:1      | Reached skill level 5 in Stealth
   517 | D:1      | Reached XP level 2. HP: 18/19 MP: 3/5
   535 | D:1      | Learned a level 2 spell: Ensorcelled Hibernation
   822 | D:2      | Reached skill level 6 in Stealth
   939 | D:2      | Reached XP level 3. HP: 19/24 MP: 3/6
  1130 | D:3      | Noticed groucho's ghost (amateur SpFi)
  1272 | D:2      | Reached skill level 7 in Stealth
  1314 | D:2      | Learned a level 3 spell: Confuse
  1542 | D:2      | Reached XP level 4. HP: 24/30 MP: 1/7
  2048 | D:3      | Reached skill level 8 in Stealth
  3119 | D:3      | Killed groucho's ghost
  3119 | D:3      | Reached XP level 5. HP: 35/35 MP: 6/8
  3171 | D:3      | Noticed Terence
  3330 | D:3      | Killed Terence
  3330 | D:3      | Reached XP level 6. HP: 41/41 MP: 6/9
  3484 | D:3      | Found a sacrificial altar of Ru.
  3720 | D:4      | Found a basalt altar of Yredelemnul.
  3740 | D:4      | Reached skill level 5 in Short Blades
  4019 | D:4      | Reached skill level 5 in Hexes
  4189 | D:4      | Noticed a two-headed ogre
  4192 | D:5      | Entered Level 5 of the Dungeon
  4660 | D:4      | Killed a two-headed ogre
  4660 | D:4      | Reached skill level 10 in Hexes
  4660 | D:4      | Reached XP level 7. HP: 46/46 MP: 4/10
  4660 | D:4      | Reached XP level 8. HP: 52/52 MP: 4/11
  5272 | D:5      | Found a staircase to the Ecumenical Temple.
  5279 | Temple   | Entered the Ecumenical Temple
  5290 | Temple   | Became a worshipper of Makhleb the Destroyer
  5970 | D:5      | Reached skill level 5 in Dodging
  6418 | D:5      | Reached * piety under Makhleb
  7011 | D:5      | Found a hazy altar of Hepliaklqana.
  7579 | D:6      | Reached XP level 9. HP: 57/57 MP: 9/12
  8151 | D:6      | Reached skill level 9 in Stealth
  8507 | D:6      | Reached skill level 10 in Stealth
  9116 | D:7      | Reached skill level 11 in Stealth
  9163 | D:7      | Reached ** piety under Makhleb
  9463 | D:7      | Reached skill level 12 in Stealth
  9886 | D:8      | Noticed ShansongY's ghost (novice TrFi)
  9953 | D:8      | Reached skill level 13 in Stealth
 10282 | D:8      | Noticed a two-headed ogre
 10582 | D:7      | Killed a two-headed ogre
 10582 | D:7      | Reached XP level 10. HP: 61/63 MP: 10/13
 11464 | D:8      | Killed ShansongY's ghost
 11568 | D:8      | Found a staircase to the Lair.
 11755 | D:8      | Reached *** piety under Makhleb
 11889 | D:9      | Learned a level 3 spell: Regeneration
 11894 | D:9      | Learned a level 4 spell: Animate Dead
 11956 | D:9      | Noticed a two-headed ogre
 11960 | D:9      | Killed a two-headed ogre
 11960 | D:9      | Reached skill level 10 in Short Blades
 11962 | D:9      | Reached skill level 1 in Fighting
 12015 | D:9      | Found a sparkling altar of Nemelex Xobeh.
 12016 | D:9      | Found a shimmering altar of Xom.
 12600 | D:9      | Noticed a two-headed ogre
 12633 | D:10     | Entered Level 10 of the Dungeon
 13156 | D:10     | Found Anoat's Jewellery Emporium.
 13233 | D:10     | Gained mutation: Your mind is acute. (Int +2) [potion of mutation]
 13233 | D:10     | Gained mutation: You are clumsy. (Dex -2) [potion of mutation]
 13233 | D:10     | Gained mutation: Your muscles are strong. (Str +2) [potion of mutation]
 13233 | D:10     | Gained mutation: You possess an exceptional clarity of mind. [potion of mutation]
 13234 | D:10     | Lost mutation: You possess an exceptional clarity of mind. [potion of mutation]
 13234 | D:10     | Lost mutation: You are clumsy. (Dex -2) [potion of mutation]
 13234 | D:10     | Lost mutation: Your mind is acute. (Int +2) [potion of mutation]
 13234 | D:10     | Gained mutation: You are agile. (Dex +2) [potion of mutation]
 13234 | D:10     | Gained mutation: You are resistant to hostile enchantments. (MR+) [potion of mutation]
 13338 | D:10     | Reached **** piety under Makhleb
 13568 | D:9      | Killed a two-headed ogre
 13568 | D:9      | Reached skill level 5 in Fighting
 13568 | D:9      | Reached XP level 11. HP: 80/80 MP: 7/14
 13935 | D:10     | Found a portal to a secret trove of treasure.
 14190 | Lair:1   | Entered Level 1 of the Lair of Beasts
 15297 | Lair:1   | Reached skill level 10 in Dodging
 15685 | Lair:2   | Noticed an eight-headed hydra
 15694 | Lair:2   | Killed an eight-headed hydra
 15695 | Lair:2   | Found a staircase to the Swamp.
 15868 | Lair:2   | Reached ***** piety under Makhleb
 15982 | Lair:2   | Reached XP level 12. HP: 65/88 MP: 1/17
 16545 | Lair:3   | Reached skill level 5 in Spellcasting
 16668 | Lair:4   | Found a hole to the Spider Nest.
 16707 | Lair:4   | Reached skill level 1 in Necromancy
 17723 | Lair:4   | Reached skill level 5 in Necromancy
 18532 | Lair:5   | Reached skill level 1 in Invocations
 19626 | Lair:3   | HP: 2/88 [blink frog (18)]
 19759 | Lair:3   | Reached skill level 5 in Invocations
 20766 | Lair:5   | Reached XP level 13. HP: 93/93 MP: 20/22
 20779 | Lair:5   | Found a viscous altar of Jiyva.
 20779 | Lair:5   | Found a staircase to the Slime Pits.
 20848 | Lair:5   | Learned a level 2 spell: Blink
 20852 | Lair:5   | Learned a level 3 spell: Mephitic Cloud
 21395 | Lair:6   | Entered Level 6 of the Lair of Beasts
 22248 | Lair:6   | Reached skill level 10 in Invocations
 22567 | Lair:6   | Got a slimy turquoise ring
 22680 | Lair:6   | Identified the ring "Deatheg" {rF+ rC- Str+6 Int+2 Slay-3} (You found it on level 6 of the Lair of Beasts)
 22780 | Lair:6   | Noticed a dire elephant
 22804 | Lair:6   | Killed a dire elephant
 23423 | D:11     | Learned a level 4 spell: Control Undead
 23471 | D:11     | Noticed Josephine
 23490 | D:11     | Killed Josephine
 23770 | D:11     | Found Vowkerchuh's Magic Scroll Shoppe.
 23837 | D:11     | Reached XP level 14. HP: 100/100 MP: 5/24
 24021 | D:11     | Found a staircase to the Orcish Mines.
 24325 | D:12     | Noticed Kirke
 24395 | D:12     | Noticed a sphinx
 25600 | D:14     | Found an opulent altar of Gozag.
 25743 | D:14     | Noticed Nessos
 25746 | D:14     | Killed Nessos
 25920 | D:14     | HP: 5/100 [ogre mage/crystal spear (35)]
 25922 | D:15     | Entered Level 15 of the Dungeon
 26951 | D:14     | Reached skill level 10 in Necromancy
 26998 | D:14     | Found a gate to the Vaults.
 27439 | D:15     | Reached skill level 14 in Stealth
 27573 | D:15     | Noticed Roxanne
 27711 | D:15     | Killed Roxanne
 27716 | D:15     | Identified Roxanne's Disquisition on Shape Shifting (You took it off Roxanne on level 15 of the Dungeon)
 27773 | D:15     | Found a glowing golden altar of the Shining One.
 27906 | D:15     | Reached skill level 15 in Stealth
 28327 | D:15     | Found a staircase to the Depths.
 28622 | D:15     | Reached skill level 16 in Stealth
 29530 | D:12     | Killed Kirke
 29530 | D:12     | Reached skill level 17 in Stealth
 29530 | D:12     | Reached XP level 15. HP: 86/105 MP: 19/27
 29667 | D:12     | Learned a level 6 spell: Invisibility
 29669 | D:12     | Learned a level 1 spell: Apportation
 30396 | Orc:1    | Entered Level 1 of the Orcish Mines
 30401 | Orc:1    | Noticed an orc warlord
 30440 | Orc:1    | Killed an orc warlord
 30663 | Orc:1    | Found Hygrodenk's General Store.
 30925 | Orc:1    | Reached skill level 18 in Stealth
 31091 | Orc:2    | Entered Level 2 of the Orcish Mines
 31091 | Orc:2    | Found a staircase to the Elven Halls.
 31327 | Orc:2    | HP: 4/105 [sixfirhy[an orc high priest] (10)]
 31327 | Orc:2    | Slain by a sixfirhy

Skill      XL: |  1  2  3  4  5  6  7  8  9 10 11 12 13 14 15 |
---------------+----------------------------------------------+-----
Stealth        | 5 6 7 8 13 17 18 | 18.4
Short Blades   | 4 5 7 10 | 10.3
Hexes          | 10 11 | 11.0
Dodging        | 7 8 12 | 12.1
Fighting       | 5 6 |  6.0
Spellcasting   | 3 6 7 8 |  8.1
Necromancy     | 6 10 | 10.0
Invocations    | 6 11 | 11.4

Action                   |  1- 3 |  4- 6 |  7- 9 | 10-12 | 13-15 || total
-------------------------+-------+-------+-------+-------+-------++-------
Melee: Dagger            |   108 |   113 |   291 |   537 |   718 ||  1767
       Bite              |     6 |     5 |    12 |    47 |    63 ||   133
 Cast: Corona            |     7 |     5 |     1 |     5 |     7 ||    25
       Ensorcelled Hiber |    27 |    45 |   143 |   231 |   180 ||   626
       Confuse           |       |     5 |    17 |    83 |   115 ||   220
       Animate Dead      |       |       |       |    10 |    62 ||    72
       Control Undead    |       |       |       |       |    42 ||    42
       Regeneration      |       |       |       |       |    10 ||    10
       Mephitic Cloud    |       |       |       |       |     2 ||     2
       Invisibility      |       |       |       |       |     3 ||     3
       Blink             |       |       |       |       |     1 ||     1
Invok: Minor Destruction |       |       |     2 |    40 |    36 ||    78
       Lesser Servant of |       |       |       |       |    58 ||    58
       Major Destruction |       |       |       |       |     3 ||     3
 Abil: End Transformatio |       |     1 |     4 |     1 |     2 ||     8
       Bat Form          |       |     1 |     4 |     1 |     2 ||     8
       Evoke Berserk Rag |       |       |       |     1 |       ||     1
Evoke: Wand              |       |     4 |       |     5 |       ||     9
  Use: Potion            |     2 |     3 |     2 |    11 |     5 ||    23
       Scroll            |       |     6 |     3 |    18 |    12 ||    39
 Stab: Sleeping          |    17 |    31 |    75 |   145 |   114 ||   382
       Confused          |       |     4 |    11 |    33 |    32 ||    80
       Distracted        |       |       |       |     3 |     9 ||    12
       Invisible         |       |       |       |       |    20 ||    20
  Eat: Corpse            |     5 |     8 |    24 |    34 |    27 ||    98
Armor: Robe              |    29 |    22 |    26 |    32 |    13 ||   122
       Troll leather arm |       |       |       |       |    60 ||    60
Dodge: Dodged            |    86 |    60 |   219 |   432 |   590 ||  1387
Block: Other             |       |       |       |       |    81 ||    81
       Reflection        |       |       |       |       |    13 ||    13
